 Dungeon Crawl Stone Soup version 0.21.0-3-g78d12a8 (webtiles) character file.

1415 Gigax the Martial Artist (level 8, -8/52 HPs)
             Began as an Octopode Monk on Jan 15, 2018.
             Was a Priest of Okawaru.
             Killed by nerve-wracking pain
             ... invoked by a shadow imp
              (14 damage)
             ... on level 6 of the Dungeon.
             The game lasted 00:10:23 (5055 turns).

Gigax the Martial Artist (Octopode Monk)            Turns: 5055, Time: 00:10:24

Health: -8/52      AC:  1    Str: 12    XL:     8   Next: 71%
Magic:  11/11      EV: 15    Int: 12    God:    Okawaru [***...]
Gold:   220        SH:  6    Dex: 18    Spells: 7/7 levels left

rFire    . . .     SeeInvis +     - Unarmed
rCold    . . .     Gourm    .   c - +0 buckler
rNeg     . . .     Faith    .   s - +0 hat
rPois    .         Spirit   .   d - amulet of rage
rElec    .         Reflect  .   i - +3 ring of dexterity
rCorr    .         Harm     .   o - ring of see invisible
MR       .....                  (no ring)
Stlth    +++.......             (no ring)
HPRegen  0.17/turn              (no ring)
MPRegen  0.12/turn              (no ring)
                                (no ring)
                                (no ring)

@: no status effects
A: almost no armour, stealthy swim, amphibious, 8 rings, constrict 8, camouflage
1, gelatinous body 1
a: Heroism, Renounce Religion, Evoke Berserk Rage


You were on level 6 of the Dungeon.
You worshipped Okawaru.
Okawaru was most pleased with you.
You were not hungry.

You visited 1 branch of the dungeon, and saw 6 of its levels.

You collected 220 gold pieces.

Inventory:

Armour
 c - a +0 buckler (worn)
 s - a +0 hat (worn)
Jewellery
 d - an amulet of rage (around mantle)
 i - a +3 ring of dexterity (left tentacle)
 o - a ring of see invisible (right tentacle)
Wands
 v - a wand of polymorph (8)
Scrolls
 b - 3 scrolls of amnesia
 e - 2 scrolls of teleportation
 g - 4 scrolls of remove curse
 k - a scroll of magic mapping
 r - a scroll of identify
Potions
 f - a potion of flight {unknown}
 h - 3 potions of mutation {unknown}
 j - a potion of haste
 l - a potion of resistance {unknown}
 m - a potion of cancellation {unknown}
 n - a potion of invisibility {unknown}
 q - a potion of heal wounds {unknown}
 t - a potion of berserk rage {unknown}
 u - a potion of curing {unknown}
Comestibles
 a - 10 rations
 p - 3 chunks of flesh


   Skills:
 - Level 3.0 Fighting
 - Level 3.2 Dodging
 - Level 2.6 Stealth
 + Level 4.9 Shields
 * Level 8.1 Unarmed Combat
 + Level 5.2 Evocations


You had 7 spell levels left.
You didn't know any spells.

Dungeon Overview and Level Annotations

Branches:
Dungeon (6/15)             Temple (0/1) D:4

Altars:
Elyvilon
Okawaru
Sif Muna
Wu Jian

Annotations:
D:6 Nattefrost's ghost, novice NaGl


Innate Abilities, Weirdness & Mutations

You cannot wear most types of armour.
You are very stealthy in the water. (Stealth+)
You are amphibious.
You can wear up to eight rings at the same time.
You can use your tentacles to constrict eight enemies at once.
Your skin changes colour to match your surroundings (Stealth+).
Your rubbery body absorbs attacks. (AC +1, EV +1)


Message History

The ogre is almost dead.
The ogre hits you with a giant club!!
Ouch! That really hurt!
* * * LOW HITPOINT WARNING * * *
Huge Dmg: -54%(-28hp) hp: 27%(14hp)
You see here a bullfrog corpse.
Nattefrost's ghost says very slowly, "There's no hope."
There is a stone staircase leading up here.
You barely miss the ogre. You squeeze the ogre.
You kill the ogre!
Okawaru accepts your kill.
Your Unarmed Combat skill increases to level 8!
The shadow imp shouts, "Return whence thou came, thou fawning flap-mouthed codpiece!"
The shadow imp gestures at you. Pain shoots through your body!
* * * LOW HITPOINT WARNING * * *
Huge Dmg: -23%(-12hp) hp: 10%(5hp)
The shadow imp gestures at you. Pain shoots through your body!
You die...

.# ###. ....
#.5# ###..#
#..>.######
#.........#
#####..@......#
.......W......#
####.#........#
#..#........#
##.#.........#
##†.#O####..###
#..##.# ##.#
#.###.# #.# #
####.###.#
###.###


You could see an ogre, Nattefrost's ghost and a shadow imp.

Vanquished Creatures
  Grinder (D:5)
  An ice beast (D:5)
  3 ogres
  A centaur (D:2)
  A bullfrog (D:6)
  A howler monkey (D:2)
  A crimson imp (D:5)
  A jelly (D:2)
  2 hounds (D:4)
  An orc priest (D:5)
  5 orc wizards
  Terence (D:2)
  An iguana (D:6)
  4 worker ants (D:4)
  A hound zombie (D:6)
  10 adders
  4 gnolls
  6 worms
  3 dart slugs
  3 leopard geckos
  17 orcs
  3 giant cockroaches
  12 goblins
  6 hobgoblins
  3 jackals (D:2)
  3 kobolds
  7 quokkas
  2 ball pythons (D:2)
  11 bats
  5 frilled lizards
  A leopard gecko skeleton (D:5)
  A quokka skeleton (D:4)
  8 rats
130 creatures vanquished.

Notes
Turn   | Place    | Note
-------+----------+-------------------------------------------
     0 | D:1      | Gigax the Octopode Monk began the quest for the Orb.
     0 | D:1      | Reached XP level 1. HP: 16/16 MP: 1/1
   218 | D:1      | Reached XP level 2. HP: 11/21 MP: 2/2
   792 | D:1      | Reached skill level 1 in Shields
   792 | D:1      | Reached XP level 3. HP: 26/26 MP: 3/3
  1034 | D:2      | Noticed a centaur
  1045 | D:2      | Killed a centaur
  1045 | D:2      | Reached skill level 4 in Unarmed Combat
  1045 | D:2      | Reached skill level 1 in Evocations
  1045 | D:2      | Reached XP level 4. HP: 19/31 MP: 3/5
  1045 | D:2      | Reached XP level 5. HP: 23/36 MP: 3/6
  1378 | D:2      | Reached skill level 5 in Unarmed Combat
  1487 | D:2      | Found an iron altar of Okawaru.
  1489 | D:2      | Found a deep blue altar of Sif Muna.
  1503 | D:2      | Became a worshipper of Warmaster Okawaru
  1503 | D:2      | Reached * piety under Okawaru
  1503 | D:2      | Reached ** piety under Okawaru
  1665 | D:2      | Reached XP level 6. HP: 32/42 MP: 7/7
  1798 | D:2      | Noticed Terence
  1806 | D:2      | Killed Terence
  2679 | D:3      | Found an ornate altar of the Wu Jian Council.
  3120 | D:4      | Found a staircase to the Ecumenical Temple.
  3182 | D:4      | Reached XP level 7. HP: 46/46 MP: 9/9
  3204 | D:4      | Reached skill level 6 in Unarmed Combat
  3959 | D:4      | Found a white marble altar of Elyvilon.
  4029 | D:5      | Entered Level 5 of the Dungeon
  4261 | D:5      | Reached *** piety under Okawaru
  4261 | D:5      | Reached XP level 8. HP: 44/52 MP: 11/11
  4262 | D:5      | Reached skill level 7 in Unarmed Combat
  4424 | D:5      | Noticed Grinder
  4435 | D:5      | Killed Grinder
  4960 | D:6      | Reached skill level 5 in Evocations
  5032 | D:6      | Noticed Nattefrost's ghost (novice NaGl)
  5054 | D:6      | Reached skill level 8 in Unarmed Combat
  5055 | D:6      | Killed from afar by a shadow imp

Skill      XL: |  1  2  3  4  5  6  7  8 |
---------------+-------------------------+-----
Shields        | 1 2 3 4 |  4.9
Unarmed Combat | 4 5 6 8 |  8.1
Evocations     | 1 2 3 4 5 |  5.2
Fighting       | |  3.0
Dodging        | |  3.2
Stealth        | |  2.6

Action                   |  1- 3 |  4- 6 |  7- 9 || total
-------------------------+-------+-------+-------++-------
Melee: Unarmed           |    46 |   121 |    99 ||   266
       Constrict         |    18 |    31 |    24 ||    73
       Tentacles         |    13 |    27 |    21 ||    61
       Punch             |     1 |     8 |    11 ||    20
 Abil: Evoke Berserk Rag |     1 |     3 |     4 ||     8
  Use: Scroll            |     3 |     5 |     1 ||     9
 Stab: Sleeping          |     6 |    17 |     8 ||    31
       Distracted        |       |       |     1 ||     1
  Eat: Chunk             |     1 |     8 |    10 ||    19
Armor: Skin              |     9 |     6 |     4 ||    19
Dodge: Dodged            |    40 |    59 |    39 ||   138
Block: Buckler           |     9 |    20 |    12 ||    41
